 Dungeon Crawl Stone Soup version 0.25-a0-632-g7713895373 (webtiles) character file.

Game seed: 1249645779037456542, levelgen mode: deterministic

187257 Amnesiac the Spry (level 17, -2/100 HPs)
             Began as a Spriggan Hunter on Mar 19, 2020.
             Was the Champion of Okawaru.
             Slain by a deep troll earth mage (12 damage)
             ... on level 2 of the Depths.
             The game lasted 01:29:05 (34244 turns).

Amnesiac the Spry (Spriggan Hunter)                Turns: 34244, Time: 01:29:05

Health: -2/100     AC: 11    Str: 16    XL:     17   Next: 87%
Magic:  0/25       EV: 38    Int: 15    God:    Okawaru [******]
Gold:   2831       SH: 11    Dex: 26    Spells: 20/26 levels left

rFire    + . .     SeeInvis +   a - +6 fustibalus (freeze)
rCold    + . .     Gourm    .   m - +2 buckler {AC+3}
rNeg     . . .     Faith    +   h - +0 acid dragon scales
rPois    .         Spirit   +   Q - +2 hat of Midsummer {rF+ Str+3}
rElec    +         Reflect  .   V - scarf {Spirit}
rCorr    +         Harm     .   (gloves unavailable)
MR       ++...                  (boots unavailable)
Stlth    ++........             R - amulet of Temperance {Faith +Inv Dex+4}
HPRegen  0.26/turn              J - ring "Xyojapil" {rElec Dex+3}
MPRegen  0.19/turn              Z - ring of Zaod {rC+ Int+3 Slay+4}

@: very quick
A: very small, unfitting armour, see invisible, herbivore, speed 3, slow
metabolism 2
a: Heroism, Finesse, Renounce Religion, Evoke Invisibility


You were on level 2 of the Depths.
You worshipped Okawaru.
Okawaru was exalted by your worship.
You were not hungry.

You visited 4 branches of the dungeon, and saw 22 of its levels.
You also visited: Gauntlet, Ice Cave and Volcano.

You collected 3735 gold pieces.
You spent 904 gold pieces at shops.

Inventory:

Hand Weapons
 a - a +6 fustibalus of freezing (weapon)
 b - a +1 vampiric quick blade
 u - a +0 fustibalus of flaming
Missiles
 d - 234 sling bullets (quivered)
 i - 81 poisoned darts
 j - 459 stones
 F - 4 atropa-tipped darts
 P - 5 curare-tipped darts
Armour
 h - +0 acid dragon scales (worn)
 m - a +2 buckler of protection (worn)
 Q - the +2 hat of Midsummer (worn) {rF+ Str+3}
   (You acquired it on level 3 of the Elven Halls)

   It affects your strength (+3).
   It protects you from fire.
 V - a scarf of spirit shield (worn)
Jewellery
 t - the ring "Koecsips" {Wiz +Blink MR+++ Str-2 Stlth+}
   (You took it off a minotaur in a Gauntlet)

   [ring of wizardry]

   It improves your spell success rate.
   It affects your strength (-2).
   It affects your resistance to hostile enchantments.
   It lets you blink.
   It makes you more stealthy.
 y - an uncursed ring of poison resistance
 J - the ring "Xyojapil" (left hand) {rElec Dex+3}
   (You acquired it in an ice cave)

   [ring of dexterity]

   It affects your dexterity (+3).
   It insulates you from electricity.
 R - the amulet of Temperance (around neck) {Faith +Inv Dex+4}
   (You found it in a Gauntlet)

   [amulet of faith]

   It allows you to gain divine favour quickly.
   It affects your dexterity (+4).
   It lets you turn invisible.
 Z - the ring of Zaod (right hand) {rC+ Int+3 Slay+4}
   (You found it on level 13 of the Dungeon)

   [ring of protection from cold]

   It affects your intelligence (+3).
   It affects your accuracy and damage with ranged weapons and melee attacks
   (+4).
   It protects you from cold.
Wands
 c - a wand of paralysis (8)
 f - a wand of clouds (7)
 q - a wand of iceblast (24)
 D - a wand of flame (91)
 H - a wand of disintegration (20)
 I - a wand of scattershot (4)
 O - a wand of random effects (71)
 U - a wand of polymorph (20)
Scrolls
 e - a scroll of brand weapon {!r, unknown}
 k - 2 scrolls of fog {!r}
 o - 4 scrolls of teleportation {!r}
 x - 11 scrolls of remove curse {!r}
 C - 4 scrolls of magic mapping {!r}
 M - 3 scrolls of fear {!r}
 W - 3 scrolls of blinking {!r}
 X - a scroll of vulnerability {!r}
Potions
 n - 3 potions of invisibility {!q}
 w - 5 potions of curing {!q}
 z - 5 potions of might {!q}
 G - 6 potions of flight {!q}
 K - 8 potions of heal wounds {!q}
 L - 2 potions of resistance {!q}
 N - 4 potions of mutation {!q}
 T - 5 potions of haste {!q}
Miscellaneous
 p - a lightning rod (4/4)
 r - a lamp of fire
 B - a tin of tremorstones
 S - a box of beasts
Comestibles
 v - 21 rations


   Skills:
 * Level 15.8 Fighting
 + Level 18.2 Slings
 + Level 20.3 Dodging
 - Level 1.5 Stealth
 - Level 7.2 Shields
 - Level 5.0 Spellcasting
 - Level 6.0 Charms
 - Level 9.0 Invocations
 - Level 9.0 Evocations


You had 20 spell levels left.
You knew the following spells:

 Your Spells              Type           Power        Failure   Level  Hunger
a - Ozocubu's Armour      Chrm/Ice       ##......     19%         3    ###....
b - Summon Butterflies    Summ           #.......     22%         1    None
z - Song of Slaying       Chrm           ###.....     2%          2    ##.....

Your spell library contained the following spells:

 Spells                   Type           Power        Failure   Level  Hunger
 Infusion                 Chrm           ###.         1%          1    None
 Shroud of Golubria       Chrm/Tloc      ##....       10%         2    ##.....
 Swiftness                Chrm/Air       ##......     10%         2    ##.....
 Spectral Weapon          Hex/Chrm       ##......     19%         3    ###....
 Animate Skeleton         Necr           N/A          22%         1    None
 Apportation              Tloc           #.....       22%         1    None
 Beastly Appendage        Tmut           #.....       22%         1    None
 Corona                   Hex            #......      22%         1    None
 Freeze                   Ice            #...         22%         1    None
 Magic Dart               Conj           #...         22%         1    None
 Sandblast                Erth           #.....       22%         1    None
 Shock                    Conj/Air       #...         22%         1    None
 Summon Small Mammal      Summ           #...         22%         1    None
 Call Imp                 Summ           #.......     32%         2    ##.....
 Corpse Rot               Necr/Air       N/A          32%         2    ##.....
 Ensorcelled Hibernation  Hex/Ice        #.....       32%         2    ##.....
 Passwall                 Tmut/Erth      #.......     32%         2    ##.....
 Searing Ray              Conj           #.....       32%         2    ##.....
 Sticks to Snakes         Tmut           #.......     32%         2    ##.....
 Call Canine Familiar     Summ           #.......     54%         3    ###....
 Confusing Touch          Hex            #.......     54%         3    ###....
 Dazzling Flash           Conj/Hex       #.....       54%         3    ###....
 Frozen Ramparts          Ice            #.....       54%         3    ###....
 Gell's Gravitas          Tloc           #.........   54%         3    ###....
 Ignite Poison            Fire/Tmut/Pois #.......     54%         3    ###....
 Lesser Beckoning         Tloc           #.........   54%         3    ###....
 Spider Form              Tmut/Pois      #.........   54%         3    ###....
 Static Discharge         Conj/Air       #.......     54%         3    ###....
 Stone Arrow              Conj/Erth      #.....       54%         3    ###....
 Summon Guardian Golem    Hex/Summ       #.......     54%         3    ###....
 Tukima's Dance           Hex            #.......     54%         3    ###....
 Airstrike                Air            #.........   91%         4    ####...
 Fulminant Prism          Conj/Hex       #.........   91%         4    ####...
 Hailstorm                Conj/Ice       #.......     91%         4    ####...
 Ice Form                 Ice/Tmut       #.......     91%         4    ####...
 Iskenderun's Mystic Bla  Conj/Tloc      #.......     91%         4    ####...
 Petrify                  Tmut/Erth      #.......     91%         4    ####...
 Summon Ice Beast         Ice/Summ       #.......     91%         4    ####...
 Summon Lightning Spire   Summ/Air       #.......     91%         4    ####...
 Alistair's Intoxication  Tmut/Pois      #.......     99%         5    ######.
 Blade Hands              Tmut           #.........   99%         5    ######.
 Fireball                 Conj/Fire      #.........   99%         5    ######.
 Lee's Rapid Deconstruct  Erth           #.........   99%         5    ######.
 Lightning Bolt           Conj/Air       #.........   99%         5    ######.
 Metabolic Englaciation   Hex/Ice        #.........   99%         5    ######.
 Summon Mana Viper        Hex/Summ       #.......     99%         5    ######.
 Yara's Violent Unravell  Hex/Tmut       #.........   99%         5    ######.
 Death Channel            Necr           #.........   100%        6    #######
 Freezing Cloud           Conj/Ice/Air   #.........   100%        6    #######
 Invisibility             Hex            #.......     100%        6    #######
 Ozocubu's Refrigeration  Ice            #.........   100%        6    #######
 Simulacrum               Ice/Necr       #.........   100%        6    #######
 Starburst                Conj/Fire      #.........   100%        6    #######
 Statue Form              Tmut/Erth      #........    100%        6    #######
 Malign Gateway           Summ/Tloc      #.........   100%        7    #######
 Ring of Flames           Chrm/Fire      ##........   100%        7    #######
 Summon Hydra             Summ           #.........   100%        7    #######
 Controlled Blink         Tloc           N/A          100%        8    #######
 Ignition                 Fire           #.........   100%        8    #######


Dungeon Overview and Level Annotations

Branches:
Dungeon (15/15)            Temple (0/1) D:5            Lair (0/6) D:9
    Orc (2/2) D:10            Elf (3/3) Orc:2        Vaults (0/5) D:14
 Depths (2/5) D:15          IceCv (visited)         Volcano (visited)
Gauntlet (visited)

Altars:
Ashenzari
Dithmenos
Gozag
Kikubaaqudgha
Nemelex Xobeh
Okawaru
Qazlal
Trog
Vehumet
Wu Jian
Yredelemnul
Zin
Beogh

Shops:
D:5 !   D:8 *   D:11 :   D:12 [   D:14 :   Orc:2 *((*[

Portals:
Hell: Depths:1 Depths:2
Trove: Elf:2 (give +3 storm dragon scales)

Annotations:
D:3 exclusion: moth of wrath
D:5 1 exclusion
Elf:1 6 runed translucent doors


Innate Abilities, Weirdness & Mutations

You are very small and have problems with some larger weapons.
You are too small for most types of armour.
You have supernaturally acute eyesight. (SInv)
You are a herbivore.
You cover ground extremely quickly.
You need to consume almost no food.


Message History

The sling bullet freezes the ettin.
The ettin is heavily wounded.
The ettin misses you. The ettin completely misses you.
Unknown command.
Firing (i - inventory. (/) - cycle)
d - 240 sling bullets (quivered)
Press: ? - help, Shift-Dir - straight line, f/p - ettin
Aim: an ettin, wielding a +1 great mace of flaming and a +1 great mace of freezing (heavily wounded)
You shoot a sling bullet. The sling bullet hits the ettin!
The sling bullet freezes the ettin.
The ettin is severely wounded.
Unknown command.
Firing (i - inventory. (/) - cycle)
d - 239 sling bullets (quivered)
Press: ? - help, Shift-Dir - straight line, f/p - ettin
Aim: an ettin, wielding a +1 great mace of flaming and a +1 great mace of freezing (severely wounded)
You shoot a sling bullet.
The sling bullet hits the ettin but does no damage.
The ettin is severely wounded.
The ettin completely misses you. The ettin closely misses you.
The deep troll earth mage points at you and mumbles some strange words.
The crystal wall shatters!
The blast of crystal shards hits you!!!
* * * LOW HITPOINT WARNING * * *
Unknown command.
Firing (i - inventory. (/) - cycle)
d - 238 sling bullets (quivered)
Press: ? - help, Shift-Dir - straight line, f/p - ettin
Aim: an ettin, wielding a +1 great mace of flaming and a +1 great mace of freezing (severely wounded)
You shoot a sling bullet.
The sling bullet hits the ettin but does no damage.
The ettin is severely wounded.
You block the ettin's attack. The ettin completely misses you.
Unknown command.
The deep troll earth mage gestures at you while chanting.
The crystal wall shatters!
The blast of crystal shards hits you!
* * * LOW HITPOINT WARNING * * *
Firing (i - inventory. (/) - cycle)
d - 237 sling bullets (quivered)
Press: ? - help, Shift-Dir - straight line, f/p - ettin
Aim: an ettin, wielding a +1 great mace of flaming and a +1 great mace of freezing (severely wounded)
You shoot a sling bullet. The sling bullet hits the ettin!!!
The sling bullet freezes the ettin!
You kill the ettin!
Okawaru accepts your kill.
Unknown command.
Firing (i - inventory. (/) - cycle)
d - 236 sling bullets (quivered)
Press: ? - help, Shift-Dir - straight line, f - deep troll earth mage
Aim: a deep troll earth mage You shoot a sling bullet.
The sling bullet hits the deep troll earth mage!
The sling bullet freezes the deep troll earth mage.
The deep troll earth mage is lightly wounded.
Unknown command.
Firing (i - inventory. (/) - cycle)
d - 235 sling bullets (quivered)
Press: ? - help, Shift-Dir - straight line, f/p - deep troll earth mage
Aim: a deep troll earth mage (lightly wounded)
You shoot a sling bullet.
The sling bullet hits the deep troll earth mage!!
The sling bullet freezes the deep troll earth mage.
The deep troll earth mage is severely wounded.
The deep troll earth mage gestures at you while chanting.
The crystal wall shatters!
The blast of crystal shards hits you!!
* * * LOW HITPOINT WARNING * * *
Unknown command.
The deep troll earth mage bites you!
* * * LOW HITPOINT WARNING * * *
The deep troll earth mage claws you!
You die...

#...........#...#...#...........
#####...##'##...#########...####
#...#..÷........#...#...#
#.#...#.).....⌠.#.#.#.∩.#
#...#...........#...#...#
#########...#####...#####
#...#...........#
#.≈.T.....#.....#
#..@#...........#
######'##...##### #...#...+
#.#.#...# #. C#...+ #. .##### ..
(. .T .. ... ...


You could see a deep troll earth mage.

Vanquished Creatures
  4 deep elf blademasters
  2 deep elf master archers (Elf:3)
  A tengu reaver (Depths:2)
  A storm dragon (shapeshifter) (Depths:2)
  A storm dragon (Depths:2)
  A deep elf sorcerer (Elf:3)
  A frost giant (IceCv)
  Aizul (Depths:1)
  2 deep elf elementalists (Elf:3)
  3 stone giants (Depths:1)
  A very ugly thing (Depths:1)
  11 deep elf demonologists
  7 deep elf annihilators (Elf:3)
  The ghost of louiscrawler the Grappler, a journeyman TrTm of Makhleb (Orc:2)
  5 ettins
  10 deep elf death magi (Elf:3)
  A minotaur (Gauntlet)
  3 deep elf high priests
  An ogre mage (D:15)
  Josephine (Orc:2)
  3 fire dragons
  A vault guard (D:14)
  3 rakshasas (Depths:1)
  A hydra (D:15)
  3 ice dragons
  A juggernaut simulacrum (Depths:2)
  A spriggan air mage (Depths:2)
  5 centaur warriors
  3 two-headed ogres
  A satyr (shapeshifter) (Depths:2)
  27 dancing weapons
  7 tengu warriors
  2 deep troll shamans (Depths:1)
  3 orc high priests (Orc:2)
  A hell hog (Volcano)
  A deep troll earth mage (Depths:2)
  A death yak (IceCv)
  A vampire mage (Depths:1)
  5 skeletal warriors
  A hell knight (Depths:2)
  16 deep elf knights
  An iron troll (Depths:1)
  3 unseen horrors
  3 deep trolls (Depths:1)
  Pikel (D:7)
  15 deep elf archers
  A wolf spider zombie (D:15)
  6 orc knights
  An oklob plant (Gauntlet)
  7 orc sorcerers
  40 deep elf magi
  16 ugly things
  7 cyclopes
  Maggie (D:8)
  2 gargoyles
  2 rime drakes (D:15)
  An efreet (D:14)
  A small abomination (Elf:3)
  2 kobold demonologists
  A komodo dragon (D:13)
  A freezing wraith (D:15)
  7 trolls
  14 polar bears (IceCv)
  2 tengu conjurers
  3 meliai (D:13)
  2 hornets
  A troll (shapeshifter) (D:14)
  4 slime creatures (Depths:1)
  4 hippogriffs
  Sigmund (D:6)
  15 flying skulls (Gauntlet)
  A spriggan (D:7)
  5 air elementals
  A shadow (D:15)
  39 yaks
  A wyvern (D:15)
  8 water elementals
  7 wraiths
  4 fire bats (Volcano)
  2 hungry ghosts
  A basilisk (D:14)
  A steam dragon (Volcano)
  Grum (D:8)
  A fire elemental (Elf:3)
  8 vampire mosquitoes
  An acid dragon (Gauntlet)
  4 wargs (Orc:2)
  A soldier ant (D:14)
  A water moccasin (D:10)
  A water moccasin (shapeshifter) (D:15)
  2 hell hounds (Volcano)
  29 orc warriors
  A hornet zombie (D:15)
  3 slaves (D:7)
  A black bear (D:11)
  2 eyes of draining
  An eye of draining (shapeshifter) (Depths:1)
  A necrophage (D:10)
  3 sky beasts
  2 ice beasts
  2 phantoms
  12 centaurs
  18 ogres
  13 wolves
  3 boggarts (Depths:1)
  The ghost of erdraug the Vandal, an amateur HaHu (D:3)
  A crocodile (shapeshifter) (Depths:2)
  9 big kobolds
  11 bullfrogs
  4 scorpions
  7 killer bees
  19 wights
  3 howler monkeys
  5 crimson imps
  4 centaur zombies
  3 bullfrog zombies
  7 jellies
  12 hounds
  23 orc priests
  Crazy Yiuf (D:7)
  7 centaur skeletons
  A bullfrog skeleton (D:10)
  An iguana (D:4)
  Natasha (thrice) (D:2)
  43 orc wizards
  10 worker ants
  3 hound zombies
  A hound skeleton (D:10)
  2 worker ant zombies
  A howler monkey skeleton (D:10)
  18 adders
  8 shadow imps
  2 oozes
  An adder skeleton (D:7)
  2 worms (D:3)
  A dart slug (D:2)
  6 leopard geckos
  95 orcs
  2 ball pythons
  7 bats
  6 giant cockroaches
  2 gnoll zombies (D:2)
  9 goblins
  8 hobgoblins
  7 jackals
  3 quokkas
  6 frilled lizards
  28 kobolds
  A leopard gecko zombie (D:6)
  A quokka zombie (D:6)
  5 rats (D:3)
  3 crawling corpses (Elf:3)
894 creatures vanquished.

Vanquished Creatures (others)
  A fire giant (Depths:2)
  A polar bear (IceCv)
  A vampire (D:13)
  2 withered plants (Orc:2)
5 creatures vanquished.

Grand Total: 899 creatures vanquished

Notes
Turn   | Place    | Note
-------+----------+-------------------------------------------
     0 | D:1      | Amnesiac the Spriggan Hunter began the quest for the Orb.
     0 | D:1      | Reached XP level 1. HP: 10/10 MP: 2/2
    49 | D:2      | Reached skill level 5 in Slings
   371 | D:2      | Reached XP level 2. HP: 14/14 MP: 3/3
   398 | D:2      | Found an iron altar of Okawaru.
   406 | D:2      | Became a worshipper of Warmaster Okawaru
  1071 | D:1      | Reached XP level 3. HP: 18/18 MP: 4/4
  1184 | D:2      | Reached skill level 4 in Dodging
  1223 | D:2      | Noticed Natasha
  1252 | D:2      | Killed Natasha
  1252 | D:2      | Reached skill level 1 in Invocations
  1252 | D:2      | Reached XP level 4. HP: 9/22 MP: 5/5
  1647 | D:2      | Found a basalt altar of Yredelemnul.
  2147 | D:2      | Noticed Natasha
  2150 | D:2      | Killed Natasha
  2150 | D:2      | Reached XP level 5. HP: 25/25 MP: 7/7
  2166 | D:2      | Noticed Natasha
  2180 | D:2      | Killed Natasha
  2257 | D:3      | Found a transporter.
  2257 | D:3      | Noticed erdraug's ghost (amateur HaHu)
  2370 | D:3      | Reached skill level 5 in Dodging
  2388 | D:3      | Reached * piety under Okawaru
  2494 | D:3      | Reached XP level 6. HP: 23/30 MP: 8/8
  2566 | D:3      | Found a transporter.
  2896 | D:3      | Noticed a moth of wrath
  2899 | D:3      | Found a bloodstained altar of Trog.
  3205 | D:3      | Killed erdraug's ghost
  3519 | D:4      | Reached skill level 6 in Dodging
  3670 | D:4      | Reached XP level 7. HP: 33/33 MP: 10/10
  3861 | D:4      | Reached ** piety under Okawaru
  4088 | D:4      | Found a sparkling altar of Nemelex Xobeh.
  4100 | D:4      | Found an ancient bone altar of Kikubaaqudgha.
  4104 | D:4      | Found a radiant altar of Vehumet.
  4319 | D:5      | Entered Level 5 of the Dungeon
  4334 | D:5      | Found Tetuvau's Distillery.
  4346 | D:5      | You fall into a shaft and drop 1 floor!
  4584 | D:6      | Reached skill level 7 in Dodging
  4758 | D:6      | Found an iron altar of Okawaru.
  4775 | D:6      | Noticed Sigmund
  4799 | D:6      | Killed Sigmund
  4799 | D:6      | Reached XP level 8. HP: 29/37 MP: 10/12
  5266 | D:6      | Reached skill level 10 in Slings
  5308 | D:6      | Reached skill level 8 in Dodging
  5574 | D:6      | Reached *** piety under Okawaru
  5657 | D:6      | Found an ornate altar of the Wu Jian Council.
  5728 | D:5      | Reached skill level 5 in Invocations
  5729 | D:5      | Found a staircase to the Ecumenical Temple.
  5837 | D:5      | Identified the Guide on Creative Transformation
  5867 | D:5      | Found a shattered altar of Ashenzari.
  5961 | D:5      | Found a glowing silver altar of Zin.
  6325 | D:7      | Found a shadowy altar of Dithmenos.
  6395 | D:7      | Found a runed translucent door.
  6396 | D:7      | Noticed Crazy Yiuf
  6505 | D:7      | Killed Crazy Yiuf
  6612 | D:7      | Found an opulent altar of Gozag.
  6844 | D:7      | Received a gift from Okawaru
  6844 | D:7      | Reached skill level 9 in Dodging
  6844 | D:7      | Reached XP level 9. HP: 29/41 MP: 14/14
  7032 | D:7      | Reached **** piety under Okawaru
  7276 | D:7      | Noticed Pikel
  7313 | D:7      | Killed Pikel
  7581 | D:8      | Reached skill level 10 in Dodging
  7735 | D:8      | Found Paovvum's Assorted Antiques.
  7752 | D:8      | Bought a scroll labeled YSKOID ILOTT for 32 gold pieces
  7752 | D:8      | Bought a scroll labeled ZIKUAM PAMET for 32 gold pieces
  7752 | D:8      | Bought a scroll labeled NETEJA JORGH for 32 gold pieces
  7752 | D:8      | Bought a copper ring for 160 gold pieces
  8005 | D:8      | Reached ***** piety under Okawaru
  8104 | D:8      | Noticed Grum
  8134 | D:8      | Killed Grum
  8153 | D:8      | Reached XP level 10. HP: 40/46 MP: 16/16
  8332 | D:8      | Received a gift from Okawaru
  8498 | D:8      | Noticed Maggie
  8563 | D:8      | Killed Maggie
  8752 | D:8      | Reached skill level 11 in Dodging
  9128 | D:9      | Received a gift from Okawaru
  9669 | D:9      | Found a stormy altar of Qazlal.
  9853 | D:9      | Found a staircase to the Lair.
  9857 | D:9      | Noticed a two-headed ogre
  9906 | D:9      | Killed a two-headed ogre
  9906 | D:9      | Received a gift from Okawaru
 10188 | D:9      | Reached skill level 12 in Dodging
 10691 | D:10     | Entered Level 10 of the Dungeon
 10733 | D:10     | Received a gift from Okawaru
 10776 | D:10     | Reached skill level 13 in Dodging
 10865 | D:10     | Reached skill level 1 in Evocations
 11105 | D:10     | Noticed an orc sorcerer
 11106 | D:10     | Reached XP level 11. HP: 50/50 MP: 18/18
 11130 | D:10     | Killed an orc sorcerer
 11174 | D:10     | Noticed an orc knight
 11244 | D:10     | Killed an orc knight
 11402 | D:10     | Reached skill level 5 in Evocations
 11528 | D:10     | Found a roughly hewn altar of Beogh.
 11528 | D:10     | Found a staircase to the Orcish Mines.
 12376 | D:10     | Noticed an unseen horror
 12398 | D:10     | Killed an unseen horror
 12868 | D:11     | Found Erphuach's Book Shoppe.
 12951 | D:11     | Noticed a green ugly thing
 13063 | D:10     | Killed a green ugly thing
 13063 | D:10     | Reached ****** piety under Okawaru
 13435 | D:10     | Received a gift from Okawaru
 13724 | D:11     | Reached skill level 5 in Fighting
 13989 | D:11     | Received a gift from Okawaru
 14053 | D:11     | Noticed a purple ugly thing
 14110 | D:11     | Killed a purple ugly thing
 14327 | D:11     | Reached XP level 12. HP: 63/63 MP: 19/19
 14754 | D:12     | Found Fuclylon's Antique Armour Shop.
 14911 | D:12     | Received a gift from Okawaru
 15178 | D:12     | Got a smoking quarterstaff
 15489 | D:12     | Noticed a two-headed ogre
 15558 | D:12     | Killed a two-headed ogre
 15673 | D:13     | Noticed a centaur warrior
 16020 | D:13     | Identified the ring of Ugrifog {rC+ rN+ MR+ Int-3 Stlth-}
 16063 | D:13     | Found a gate leading to a gauntlet.
 16072 | Gauntlet | Entered a Gauntlet
 16072 | Gauntlet | Found a transporter.
 16072 | Gauntlet | Found a transporter.
 16080 | Gauntlet | Noticed a death scarab
 16091 | Gauntlet | Found a transporter.
 16094 | Gauntlet | Found a transporter.
 16098 | Gauntlet | Found a runed translucent door.
 16100 | Gauntlet | Found a runed translucent door.
 16102 | Gauntlet | Found a transporter.
 16106 | Gauntlet | Found a transporter.
 16117 | Gauntlet | Found a transporter.
 16133 | Gauntlet | Found a transporter.
 16136 | Gauntlet | Noticed a ghost crab
 16147 | Gauntlet | Found a transporter.
 16151 | Gauntlet | Found a transporter.
 16162 | Gauntlet | Found a transporter.
 16163 | Gauntlet | Found a transporter.
 16325 | Gauntlet | Got a flickering lead amulet
 16336 | Gauntlet | Identified the amulet of Temperance {Faith +Inv Dex+4} (You
                  | found it in a Gauntlet)
 16511 | Gauntlet | Reached skill level 10 in Fighting
 16516 | Gauntlet | Reached skill level 1 in Spellcasting
 16542 | Gauntlet | Learned a level 2 spell: Song of Slaying
 16644 | Gauntlet | Identified the ring "Koecsips" {Wiz +Blink MR+++ Str-2
                  | Stlth+}
 16644 | Gauntlet | Noticed a minotaur
 16702 | Gauntlet | Killed a minotaur
 16722 | Gauntlet | Identified Rosy's Compendium of the Supportive Frostbite
 17106 | D:13     | Noticed a centaur warrior
 17281 | D:13     | Received a gift from Okawaru
 17344 | D:13     | Got a coiled lapis lazuli ring
 17620 | D:13     | Killed a centaur warrior
 17764 | D:14     | Reached XP level 13. HP: 72/72 MP: 20/20
 17771 | D:14     | Reached skill level 1 in Charms
 17897 | D:14     | Reached skill level 5 in Spellcasting
 17935 | D:14     | Received a gift from Okawaru
 18015 | D:13     | Received a gift from Okawaru
 18064 | D:14     | Reached skill level 5 in Charms
 18102 | D:14     | Identified the ring of Zaod {rC+ Int+3 Slay+4} (You found
                  | it on level 13 of the Dungeon)
 18507 | IceCv    | Identified a paperback manual
 18507 | Orc:1    | Entered Level 1 of the Orcish Mines
 18531 | Orc:1    | Noticed Josephine
 18534 | Orc:2    | Entered Level 2 of the Orcish Mines
 18542 | Orc:2    | Found Zuoz Beng's General Store.
 18566 | Orc:2    | Noticed Sonja
 18570 | Orc:2    | Noticed Sonja
 18570 | Orc:2    | Sonja changed into Sonja the eye of draining
 18593 | Orc:2    | Killed Sonja the eye of draining
 18694 | Orc:2    | Found a staircase to the Elven Halls.
 18751 | Orc:2    | Found a runed translucent door.
 18751 | Orc:2    | Noticed louiscrawler's ghost (journeyman TrTm)
 18809 | Orc:2    | Found a dark tunnel.
 18817 | Volcano  | Entered a volcano
 18858 | Volcano  | Received a gift from Okawaru
 19014 | Volcano  | Received a gift from Okawaru
 19122 | Volcano  | Noticed a fire dragon
 19164 | Volcano  | Killed a fire dragon
 19266 | Orc:2    | Received a gift from Okawaru
 19635 | Orc:2    | Received a gift from Okawaru
 19791 | Orc:2    | Found Karocobill's Antique Weapon Shop.
 19854 | Orc:2    | Reached skill level 14 in Dodging
 20151 | Orc:2    | Found Zymeosa's Antique Weapon Shop.
 20157 | Orc:2    | Found Oriethreu's General Store.
 20161 | Orc:2    | Found Pofex's Antique Armour Emporium.
 20206 | Orc:2    | Received a gift from Okawaru
 20533 | Orc:2    | Killed Josephine
 20781 | Orc:1    | Reached skill level 15 in Dodging
 21351 | Orc:2    | Killed louiscrawler's ghost
 21366 | Orc:2    | Learned a level 3 spell: Ozocubu's Armour
 21368 | Orc:2    | Learned a level 1 spell: Summon Butterflies
 21629 | D:14     | Found a gate to the Vaults.
 21677 | D:14     | Reached XP level 14. HP: 60/79 MP: 17/22
 21950 | D:14     | Found Tuuty's Book Boutique.
 22204 | D:14     | Received a gift from Okawaru
 22205 | D:14     | Got a heavily jewelled robe {god gift}
 22725 | D:14     | Reached skill level 15 in Slings
 22977 | D:14     | Reached skill level 16 in Dodging
 23193 | Orc:2    | Bought a runed fustibalus for 648 gold pieces
 23333 | D:15     | Entered Level 15 of the Dungeon
 23682 | D:15     | Received a gift from Okawaru
 23695 | D:15     | Found a frozen archway.
 23708 | IceCv    | Entered an ice cave
 23780 | IceCv    | Reached skill level 1 in Shields
 23934 | IceCv    | Got a bloodstained cloak
 23985 | IceCv    | Received a gift from Okawaru
 24046 | IceCv    | Identified a scroll of acquirement {!r}
 24046 | IceCv    | Identified the ring "Xyojapil" {rElec Dex+3} (You acquired
                  | it in an ice cave)
 24482 | IceCv    | Noticed a frost giant
 24524 | IceCv    | Killed a frost giant
 24852 | IceCv    | Identified the +2 cloak "Danadgh" {rElec rPois Str+2
                  | Stlth+} (You found it in an ice cave)
 25041 | D:15     | Reached skill level 5 in Shields
 25060 | D:15     | Received a gift from Okawaru
 25085 | D:15     | Found a staircase to the Depths.
 25417 | D:15     | Reached XP level 15. HP: 65/84 MP: 17/23
 25727 | Elf:1    | Entered Level 1 of the Elven Halls
 26010 | Elf:1    | Received a gift from Okawaru
 26257 | Elf:1    | Received a gift from Okawaru
 26258 | Elf:1    | Got a slimy hunting sling {god gift}
 26259 | Elf:1    | Identified the +0 hunting sling "Eziugiera" {freeze, rF+
                  | rC- Str+4 Stlth+} (Okawaru gifted it to you on level 1 of
                  | the Elven Halls)
 26577 | Elf:1    | Reached skill level 17 in Dodging
 26585 | Elf:1    | Received a gift from Okawaru
 27001 | Elf:1    | Received a gift from Okawaru
 27116 | Elf:1    | Found a runed translucent gate.
 27116 | Elf:1    | Found a runed translucent gate.
 27116 | Elf:1    | Found a runed translucent gate.
 27116 | Elf:1    | Found a runed translucent gate.
 27116 | Elf:1    | Found a runed translucent gate.
 27118 | Elf:1    | Found a runed translucent gate.
 27124 | Elf:1    | Noticed an iron dragon
 27126 | Elf:1    | Noticed a shadow dragon
 27637 | Elf:2    | Received a gift from Okawaru
 27976 | Elf:2    | Received a gift from Okawaru
 28356 | Elf:2    | Found a huge runed translucent gate.
 28356 | Elf:2    | Found a huge runed translucent gate.
 28356 | Elf:2    | Found a huge runed translucent gate.
 28546 | Elf:2    | Found a portal to a secret trove of treasure.
 28640 | Elf:2    | Received a gift from Okawaru
 28641 | Elf:2    | Got a pitted hunting sling {god gift}
 28642 | Elf:2    | Identified the +2 hunting sling "Bafu" {vorpal, +Fly Str+4}
                  | (Okawaru gifted it to you on level 2 of the Elven Halls)
 28787 | Elf:2    | Found a huge runed translucent gate.
 28787 | Elf:2    | Found a huge runed translucent gate.
 28828 | Elf:3    | Entered Level 3 of the Elven Halls
 29229 | Elf:3    | Reached XP level 16. HP: 63/91 MP: 10/24
 29234 | Elf:3    | Received a gift from Okawaru
 29235 | Elf:3    | Noticed a deep elf blademaster
 29250 | Elf:3    | Killed a deep elf blademaster
 29256 | Elf:3    | Noticed a Brimstone Fiend
 29258 | Elf:3    | Reached skill level 18 in Dodging
 29276 | Elf:3    | Received a gift from Okawaru
 29291 | Elf:3    | Noticed a deep elf blademaster
 29320 | Elf:3    | Killed a deep elf blademaster
 29507 | Elf:3    | Noticed a deep elf master archer
 29511 | Elf:3    | Received a gift from Okawaru
 29530 | Elf:3    | Killed a deep elf master archer
 29530 | Elf:3    | Received a gift from Okawaru
 29549 | Elf:3    | Received a gift from Okawaru
 29556 | Elf:3    | Noticed a deep elf master archer
 29560 | Elf:3    | Killed a deep elf master archer
 29684 | Elf:3    | Identified the ring "Xiph" {Ice +Fly rN+ Int+3}
 29689 | Elf:3    | Noticed an Executioner
 29788 | Elf:3    | Identified the +7 lajatang "Dietokk" {vorpal, *Corrode
                  | Int+7 Dex+4}
 29808 | Elf:3    | Reached skill level 19 in Dodging
 29979 | Elf:3    | Got a jewelled hand crossbow
 29982 | Elf:3    | Identified Iham's Lost Secrets of Theurgy
 30565 | Elf:3    | Identified the +4 hunting sling of Kismet {vorpal, rElec
                  | rN+ Str+5 Dex-2} (You acquired it on level 3 of the Elven
                  | Halls)
 30565 | Elf:3    | Identified the +2 hat of Midsummer {rF+ Str+3} (You
                  | acquired it on level 3 of the Elven Halls)
 30807 | Elf:2    | Reached XP level 17. HP: 98/98 MP: 25/25
 30921 | Elf:2    | Received a gift from Okawaru
 30978 | Elf:2    | Noticed a deep elf blademaster
 30989 | Elf:2    | Killed a deep elf blademaster
 31055 | Elf:2    | Received a gift from Okawaru
 31154 | Elf:2    | Received a gift from Okawaru
 31652 | Depths:1 | Entered Level 1 of the Depths
 31699 | Depths:1 | Identified the Volume of Creative Evil Magic
 31775 | Depths:1 | Reached skill level 15 in Fighting
 31952 | Depths:1 | Identified the cursed +1 leather armour of Gusufav {+Inv
                  | rElec MR+}
 32393 | Depths:1 | Found a gateway to Hell.
 32764 | Depths:1 | Noticed Aizul
 32776 | Depths:1 | Killed Aizul
 32781 | Depths:1 | Reached skill level 20 in Dodging
 33336 | Depths:2 | Received a gift from Okawaru
 33769 | Depths:2 | Noticed a deep elf blademaster
 33795 | Depths:2 | Killed a deep elf blademaster
 33795 | Depths:2 | Received a gift from Okawaru
 34244 | Depths:2 | Slain by a deep troll earth mage

Levels and vault maps discovered:
D:1:      shiori_arrival_oz, layout_basic, minmay_split_cup_large
D:2:      layout_basic, okawaru_ov_weapons_minmay,
          lemuel_zombie_altar_yredelemnul, uniq_natasha
D:3:      layout_loops_ring, tgw_trog, gammafunk_ghost_arena, first_ration
D:4:      layout_loops_ring, minitemple, kennysheep_generic_room_9
D:5:      layout_basic, zin_treasury, cheibrodos_ashenzari_chains,
          minmay_temple_entry_proselytizer, serial_shops, shop,
          kennysheep_another_room
D:6:      layout_loops_cross, lemuel_crystal_altar, basic_altar, uniq_sigmund
D:7:      layout_basic, nicolae_gozag_cash_rules_everything_around_me,
          basic_altar, uniq_crazy_yiuf_cottage, uniq_pikel
D:8:      layout_rooms, serial_shops,
          nicolae_shop_temple_entry_statues_fountains, grunt_pizzeria,
          uniq_maggie, uniq_grum
D:9:      layout_rooms, lair_entry_dummy, grunt_qazlal_clouds
D:10:     layout_loops_ring, david_orc_5, kennysheep_kite_vault
D:11:     layout_basic, serial_shops, nicolae_shop_trees
D:12:     layout_roguey, serial_shops, shop
D:13:     layout_gridville, gauntlet_entry_generic
D:14:     layout_cave_pods, david_vaults_5, minmay_misc_feat_pillars,
          serial_shops, nicolae_shop_waterfront
D:15:     grunt_enter_depths_hoard, layout_cave_pools, bh_walls_and_bars,
          serial_park, serial_park_square3 [serial_park_minivault_5x5_4],
          serial_park_square3 [serial_park_minivault_5x5_5],
          portal_ice_cave_rime
Orc:1:    layout_caves, uniq_josephine
Orc:2:    st_orc_elflike, layout_diamond_mine, enter_volcano_2,
          gammafunk_ghost_grave, serial_shops, nicolae_shop_stone,
          nooodl_orcs_dogs, uniq_sonja
Elf:1:    eino_elf_arrival_the_gate, layout_geoelf_octagon, orc_legates
Elf:2:    layout_loops_cross, trove_entry_hex_spiral
Elf:3:    elf_hall, layout_loops_cross
Depths:1: layout_cave_pools, marbit_kobold_abyss_entry, hell_entry,
          serial_sigils_hangedman_shear, grunt_decor_arrowhead,
          eino_small_chamber_without_monster, serial_bayou_pond_a,
          grunt_decor_mini_mirrors, kennysheep_big_empty_room, uniq_aizul
Depths:2: hangedman_crystal_crosses_colossus [crystal_crosses_arms_four,
          crystal_crosses_arms_two, crystal_crosses_arms_one,
          crystal_crosses_arms_one], hell_entry, serial_shops

Skill      XL: |  1  2  3  4  5  6  7  8  9 10 11 12 13 14 15 16 17 |
---------------+----------------------------------------------------+-----
Slings         | 5 6 7 8 9 11 12 14 15 16 17 18 | 18.2
Dodging        | 4 5 6 7 9 10 13 15 16 17 19 20 | 20.3
Invocations    | 1 2 3 4 5 6 8 9 |  9.0
Evocations     | 2 8 9 |  9.0
Fighting       | 7 10 11 12 13 14 15 | 15.8
Spellcasting   | 4 5 |  5.0
Charms         | 6 |  6.0
Shields        | 5 7 |  7.2
Stealth        | |  1.5

Action                   |  1- 3 |  4- 6 |  7- 9 | 10-12 | 13-15 | 16-18 || total
-------------------------+-------+-------+-------+-------+-------+-------++-------
Melee: Short sword       |    35 |       |       |       |       |       ||    35
       Dagger            |       |       |       |     6 |       |       ||     6
       Demon blade       |       |       |       |       |     8 |       ||     8
       Quick blade       |       |       |       |       |       |    20 ||    20
 Fire: Hunting sling     |    33 |   219 |   610 |  1728 |   242 |       ||  2832
       Fustibalus        |       |       |       |       |  1522 |   758 ||  2280
Throw: Dart              |     6 |    16 |    60 |    93 |    39 |       ||   214
 Cast: Song of Slaying   |       |       |       |       |     1 |       ||     1
Invok: Finesse           |       |       |       |       |     3 |     3 ||     6
       Heroism           |       |       |       |       |       |     3 ||     3
Evoke: Wand              |       |       |       |    29 |    19 |       ||    48
  Use: Scroll            |       |       |    11 |    10 |    12 |     1 ||    34
       Potion            |       |       |       |     1 |     1 |     8 ||    10
 Stab: Sleeping          |     2 |       |       |       |       |       ||     2
       Paralysed         |       |       |       |     3 |       |       ||     3
  Eat: Ration            |     2 |     1 |       |     4 |     4 |     2 ||    13
Armor: Robe              |     5 |     8 |     5 |     1 |       |       ||    19
       Steam dragon scal |       |       |       |    26 |       |       ||    26
       Acid dragon scale |       |       |       |     6 |    38 |    11 ||    55
Dodge: Dodged            |    35 |    72 |   141 |   615 |   620 |   153 ||  1636
Block: Buckler           |       |       |       |       |   124 |    75 ||   199

Table legend:
 A = Non-vault XP
 B = Vault XP
 C = Vault XP percentage of total XP
 D = Non-vault monster count
 E = Vault monster count
 F = Vault count percentage of total count
                 A         B        C        D         E       F
            +---------+---------+-------+---------+---------+-------
      Total |  128680 |  151963 |  54.1 |     577 |     313 |  35.2
            +---------+---------+-------+---------+---------+-------
        D:1 |      14 |       9 |  39.1 |       8 |       6 |  42.9
        D:2 |     174 |      38 |  17.9 |      24 |       3 |  11.1
        D:3 |     178 |     124 |  41.1 |      20 |      10 |  33.3
        D:4 |     454 |       0 |   0.0 |      27 |       0 |   0.0
        D:5 |     312 |      41 |  11.6 |      12 |       1 |   7.7
        D:6 |     996 |     238 |  19.3 |      22 |       1 |   4.3
        D:7 |     969 |     926 |  48.9 |      14 |       3 |  17.6
        D:8 |    1860 |     830 |  30.9 |      38 |       4 |   9.5
        D:9 |    3031 |       0 |   0.0 |      33 |       0 |   0.0
       D:10 |    5390 |    2171 |  28.7 |      53 |      36 |  40.4
       D:11 |    5664 |       0 |   0.0 |      48 |       0 |   0.0
       D:12 |    3232 |       0 |   0.0 |      16 |       0 |   0.0
       D:13 |    8484 |       0 |   0.0 |      32 |       0 |   0.0
       D:14 |   13566 |    2545 |  15.8 |      35 |       5 |  12.5
       D:15 |    8938 |    6101 |  40.6 |      27 |      11 |  28.9
      Orc:1 |    2110 |     616 |  22.6 |      43 |       3 |   6.5
      Orc:2 |    1954 |   12152 |  86.1 |      17 |      42 |  71.2
      Elf:1 |   13079 |   14923 |  53.3 |      19 |      32 |  62.7
      Elf:2 |   12528 |   23513 |  65.2 |      22 |      28 |  56.0
      Elf:3 |   14338 |   47750 |  76.9 |      24 |      34 |  58.6
   Depths:1 |   31409 |    1685 |   5.1 |      43 |       2 |   4.4
   Depths:2 |       0 |   17939 | 100.0 |       0 |      14 | 100.0
      IceCv |       0 |   11876 | 100.0 |       0 |      47 | 100.0
    Volcano |       0 |    3136 | 100.0 |       0 |       9 | 100.0
   Gauntlet |       0 |    5350 | 100.0 |       0 |      22 | 100.0
            +---------+---------+-------+---------+---------+-------
